 Dungeon Crawl Stone Soup version 0.31-a0-358-gac0dbeb3ab (webtiles) character file.

Game seed: 12764147707372022951

247 Locuples the Chopper (level 5, -3/48 HPs)
             Began as a Minotaur Monk on July 25, 2023.
             Slain by Grinder (5 damage)
             ... on level 4 of the Dungeon.
             The game lasted 00:08:43 (2703 turns).

Locuples the Chopper (Minotaur Monk)                Turns: 2703, Time: 00:08:44

Health: -3/48      AC: 10    Str: 17    XL:     5   Next: 85%
Magic:  4/4        EV:  6    Int:  7    God:
Gold:   158        SH:  0    Dex: 13    Spells: 4/4 levels left

rFire   + . .        q - +0 battleaxe
rCold   . . .        (shield currently unavailable)
rNeg    . . .        m - +0 plate armour
rPois   .            (helmet restricted)
rElec   .            (no cloak)
rCorr   .            (no gloves)
SInv    .            (no boots)
Will    .....        (no amulet) Stlth
                     i - ring of flight
HPRegen 0.28/turn    l - ring of protection from fire
MPRegen 0.09/turn

%: no passive effects
@: flying
A: horns 2, retaliatory headbutt
a: no special abilities


You were on level 4 of the Dungeon.
You visited 2 branches of the dungeon, and saw 5 of its levels.

You collected 158 gold pieces.

Inventory:

Hand Weapons
 q - a +0 battleaxe (weapon)
Armour
 b - a +0 robe
 m - a +0 plate armour (worn)
Jewellery
 i - a ring of flight (left hand)
 l - a ring of protection from fire (right hand)
 s - an amulet of the acrobat
Scrolls
 e - 5 scrolls of vulnerability {unknown}
 g - a scroll of amnesia {unknown}
 h - 3 scrolls of poison {unknown}
 o - 4 scrolls of identify {unknown}
 r - a scroll of noise {unknown}
 t - a scroll of enchant armour {unknown}
 u - a scroll of enchant weapon {unknown}
 v - a scroll of fog {unknown}
Potions
 a - a potion of might {unknown}
 c - a potion of ambrosia
 d - a potion of mutation {unknown}
 f - a potion of curing {unknown}
 j - a potion of invisibility {unknown}
 k - a potion of lignification {unknown}
 n - 2 potions of brilliance {unknown}
 p - a potion of resistance {unknown}


   Skills:
 + Level 5.0 Fighting
 + Level 6.0 Axes
 + Level 1.9 Armour
 + Level 4.2 Dodging
 + Level 0.2 Stealth


You had 4 spell levels left.
You didn't know any spells.
Your spell library was empty.

Dungeon Overview and Level Annotations

Branches:
Dungeon (4/15)             Temple (1/1) D:4

Altars:
Cheibriados
Elyvilon
Fedhas
Gozag
Hepliaklqana
Kikubaaqudgha
Makhleb
Nemelex Xobeh
Okawaru
Ru
Sif Muna
Trog
Uskayaw
Wu Jian
Xom
Yredelemnul
Zin
The Shining One

Shops:
D:2 (

Annotations:
D:4 Grinder


Innate Abilities, Weirdness & Mutations

You have a pair of horns on your head.
You reflexively headbutt those who attack you in melee.


Message History

Grinder shouts!
Grinder is nearby! 2 gnolls come into view.
The gnoll shouts! x2
Found a large ruby ring.
A gnoll comes into view. It is wielding a +0 spear.
The gnoll shouts!
You hear an angry hiss.
Grinder hits you.
You writhe in agony.
The gnoll hits you with a +0 spear. The gnoll hits you with a +0 club.
Grinder hits you but does no damage.
You slash the gnoll!
The gnoll is severely wounded.
You slash the gnoll! You closely miss Grinder.
The gnoll hits you with a +0 spear. The gnoll hits you with a +0 club.
Grinder gestures at you. Pain shoots through your body!
An adder comes into view.
The gnoll hits you with a +0 club. Grinder says, "Are you a fish?"
Grinder gestures at you. Pain shoots through your body!
The gnoll hits you from afar with a +0 spear!
* * * LOW HITPOINT WARNING * * *
The gnoll hits you with a +0 spear.
* * * LOW HITPOINT WARNING * * *
You closely miss the gnoll.
The gnoll is severely wounded.
You hit Grinder but do no damage. You hit the gnoll.
You kill the gnoll!
The gnoll closely misses you. The gnoll barely misses you.
Grinder hits you but does no damage.
You slash the gnoll!
You kill the gnoll!
You closely miss Grinder.
The gnoll hits you from afar with a +0 spear.
* * * LOW HITPOINT WARNING * * *
Grinder hits you.
* * * LOW HITPOINT WARNING * * *
You writhe in agony.
You die...

####.....##....#####.#
#... ............#..#
#.# #...
..........###..# #.#
#... .................
#.# #...
###......######.###.#
#...
###?.....####..##.#
#... ###.............
#### ...............#
####....5@)..S.#
#......)......
#.......g.....
####.........#
..........# .
..=........# ..
............. .
.............# .


You could see Grinder, a gnoll and an adder.

Vanquished Creatures
  2 hounds (D:3)
  2 orc wizards (D:3)
  Robin (D:4)
  2 gnolls (D:4)
  4 adders
  A dart slug (D:3)
  2 orcs
  2 endoplasms
  3 giant cockroaches
  13 goblins
  11 hobgoblins
  9 jackals (D:1)
  3 ball pythons
  A bat (D:1)
  A frilled lizard (D:3)
  11 kobolds
  11 rats
79 creatures vanquished.

Notes
Turn   | Place    | Note
-------+----------+-------------------------------------------
     0 | D:1      | Locuples the Minotaur Monk began the quest for the Orb.
     0 | D:1      | Reached XP level 1. HP: 19/19 MP: 0/0
   108 | D:1      | Reached XP level 2. HP: 17/27 MP: 1/1
   112 | D:1      | Reached skill level 4 in Axes
   909 | D:2      | Reached XP level 3. HP: 33/33 MP: 2/2
  1172 | D:2      | Found a faded altar of an unknown god.
  1384 | D:2      | Found Fulywnusu's Antique Weapon Boutique.
  1446 | D:3      | Reached XP level 4. HP: 35/41 MP: 3/3
  1514 | D:3      | Reached skill level 5 in Axes
  1514 | D:3      | Reached skill level 1 in Armour
  1547 | D:3      | Reached XP level 5. HP: 36/47 MP: 4/4
  2226 | D:4      | Found a staircase to the Ecumenical Temple.
  2238 | Temple   | Entered the Ecumenical Temple
  2517 | D:4      | Noticed Robin
  2526 | D:4      | Reached skill level 5 in Fighting
  2529 | D:4      | Killed Robin
  2530 | D:4      | Reached skill level 6 in Axes
  2530 | D:4      | HP: 2/48 [kobold/+0 dagger (2)]
  2696 | D:4      | Noticed Grinder
  2703 | D:4      | HP: 2/48 [Grinder (3)]
  2703 | D:4      | Slain by Grinder

Illustrated notes

Levels and vault maps discovered:
D:1:      dpeg_arrival_ratfight, layout_loops_ring
D:2:      layout_basic, basic_ecumenical_altar, serial_shops, shop
D:3:      layout_basic, serial_forest, infiniplex_forest_end_3,
          infiniplex_forest_lined_room_, infiniplex_forest_end_2,
          infiniplex_forest_straight_4, infiniplex_forest_clump_medium
D:4:      layout_basic, minmay_temple_entry_trees, uniq_robin, uniq_grinder
Temple:   dpeg_three_leaves_temple

Skill      XL: |  1  2  3  4  5 |
---------------+----------------+-----
Axes           | 4 5 6 |  6.0
Fighting       | 4 5 |  5.0
Dodging        | 4 |  4.2
Armour         | 1 |  1.9
Stealth        | |  0.2

Action                     |  1- 3 |  4- 6 || total
---------------------------+-------+-------++-------
  Melee: Hand axe          |    79 |    19 ||    98
         Headbutt          |    14 |    19 ||    33
         Battleaxe         |       |    73 ||    73
 Armour: Robe              |    10 |       ||    10
         Plate armour      |    22 |    59 ||    81
  Dodge: Dodged            |    39 |    27 ||    66

Table legend: (Time is in decaauts)
 A = Elapsed time spent in this place.
 B = Non-inter-level travel time spent in this place.
 C = Inter-level travel time spent in this place.
 D = Time resting spent in this place.
 E = Time spent auto-exploring this place.
 F = Levels seen in this place.
 G = Mean time per level.
                   A        B        C        D        E       F      G
               +--------+--------+--------+--------+--------+-----+--------+
         Total |   2739 |   2654 |     85 |    152 |   1720 |   5 |  547.8 |
       Dungeon |   2618 |   2533 |     85 |    152 |   1720 |   4 |  654.5 |
        Temple |    121 |    121 |      0 |      0 |      0 |   1 |  121.0 |
               +--------+--------+--------+--------+--------+-----+--------+

Top non-repeatable levels by time:
     D:1: 882 daAuts
     D:3: 824 daAuts
     D:2: 525 daAuts
     D:4: 385 daAuts
  Temple: 121 daAuts
